 Dungeon Crawl Stone Soup version 0.18-a0-1497-g788d838 (webtiles) character file.

17957 Tomstefer the Impaler (level 12, -3/110 HPs)
             Began as a Minotaur Berserker on Mar 4, 2016.
             Was an Elder of Trog.
             Killed from afar by a rime drake (22 damage)
             ... with a flash freeze
             ... on level 1 of the Lair of Beasts.
             The game lasted 00:27:05 (12380 turns).

Tomstefer the Impaler (Minotaur Berserker)         Turns: 12380, Time: 00:27:05

Health: -3/110     AC: 16    Str: 24    XL:     12   Next: 23%
Magic:  11/11      EV: 15    Int:  4    God:    Trog [****..]
Gold:   762        SH:  0    Dex: 12    Spells: 0 memorised, 11 levels left

rFire  . . .     SeeInvis .     L - +0 halberd
rCold  . . .     Gourm    .     V - +3 ring mail {MR+}
rNeg   . . .     Faith    .     (shield currently unavailable)
rPois  +         Spirit   .     (helmet restricted)
rElec  .         Dismiss  .     v - +0 cloak
rCorr  .         Reflect  .     H - +0 pair of gloves
SustAt .         Harm     .     m - +0 pair of boots (curse)
MR     +++..                    (no amulet)
Stlth  +.........               A - ring of poison resistance
                                K - +4 ring of evasion

@: exhausted, regenerating, slowed, very heavily drained, very slow, extremely
resistant to hostile enchantments, very unstealthy
A: retaliatory headbutt, horns 2, rough black scales 1
a: Berserk, Trog's Hand, Brothers in Arms, Burn Spellbooks, Renounce Religion


You were on level 1 of the Lair of Beasts.
You worshipped Trog.
Trog was greatly pleased with you.
You were not hungry.

You visited 2 branches of the dungeon, and saw 11 of its levels.
You also visited: Ossuary.

You collected 762 gold pieces.

Inventory:

Hand Weapons
 q - a +0 glaive
 C - a +1 trident
 L - a +0 halberd (weapon)
Missiles
 n - 8 poisoned tomahawks
 F - 6 steel tomahawks (quivered)
Armour
 g - a +3 leather armour of poison resistance
 m - a cursed +0 pair of boots (worn)
 t - a +0 ring mail of cold resistance
 v - a +0 cloak (worn)
 G - a +0 plate armour
 H - a +0 pair of gloves (worn)
 V - a +3 ring mail of magic resistance (worn)
Jewellery
 p - an uncursed ring of ice
 A - a ring of poison resistance (right hand)
 K - a +4 ring of evasion (left hand)
Wands
 x - a wand of confusion (7/48)
 y - a wand of paralysis (17/24)
 D - a wand of acid (8/15)
 E - a wand of slowing (17/48)
 O - a wand of acid (10/15)
 P - a wand of lightning (9/15)
 R - a wand of iceblast (5/15)
 S - a wand of paralysis (12/24)
Scrolls
 a - a scroll of fog
 e - 4 scrolls of enchant weapon
 j - 2 scrolls of teleportation
 u - 4 scrolls of magic mapping
 z - 3 scrolls of remove curse
 B - 3 scrolls of enchant armour
 I - a scroll of immolation
Potions
 d - a potion of magic
 f - 2 potions of heal wounds
 h - a potion of flight
 i - 2 potions of might
 k - 3 potions of brilliance
 l - 3 potions of cure mutation
 w - 5 potions of curing
Comestibles
 b - 9 royal jellies
 c - a bread ration
 o - a chunk of flesh
 r - 6 beef jerkies
 s - 5 meat rations


   Skills:
 + Level 11.4(4.7) Fighting
 * Level 15.3(7.9) Polearms
 + Level 9.9(3.4) Armour
 - Level 7.0(0.9) Dodging
   Level 7.1(1.0) Shields


You had 11 spell levels left.
You didn't know any spells.

Dungeon Overview and Level Annotations

Branches:
Dungeon (10/15)            Temple (0/1) D:7            Lair (1/8) D:10
    Orc (0/2) D:10

Altars:
Ashenzari
Fedhas
Gozag
Kikubaaqudgha
Makhleb
Nemelex Xobeh
Pakellas
Qazlal
Sif Muna
Trog
Vehumet
Xom
Yredelemnul
Zin
The Shining One

Shops:
D:7 }


Innate Abilities, Weirdness & Mutations

You reflexively headbutt those who attack you in melee.
You have a pair of horns on your head.
You are partially covered in rough black scales (AC +4, Dex -1).


Message History

You feel the effects of Trog's Hand fading.
The ice encasing you melts away. The rime drake misses you.
You furiously retaliate!
You headbutt the rime drake! The crocodile misses you.
The rime drake breathes ice at you. The flash freeze hits you!
* * * LOW HITPOINT WARNING * * *
You are encased in ice.
The crocodile completely misses you.
You barely miss the rime drake.
The rime drake is severely wounded.
The rime drake bites you but does no damage.
The crocodile barely misses you. The rime drake barely misses you.
Unknown command.
You closely miss the rime drake.
The rime drake is severely wounded.
The ice encasing you melts away. The rime drake breathes ice at you.
The flash freeze hits you!
You die...

##.?............. ≈≈≈.#.
##................ ≈≈≈....
...............[. ≈≈≈.#..
#............... .......
............... .......
##.##..#....... .......
#....t......... .........
#...@k.........
...............P#..........
...............##..........
...........#.#. #..#.......
#..........# # #..#.......
...........# #..#.......
÷..........# #..##..#.##
...........## ..... .....
....÷.......##... ###


You could see a rime drake and a crocodile.

Vanquished Creatures
  Harold (D:10)
  A hill giant (D:10)
  A deep elf mage (D:10)
  2 spiny frogs (Lair:1)
  2 trolls
  A yak (D:10)
  Eustachio (D:5)
  Menkaure (D:5)
  3 hippogriffs
  A water moccasin (D:10)
  7 soldier ants
  2 sky beasts
  4 porcupines (Lair:1)
  Duvessa (D:5)
  4 orc warriors
  3 ice beasts
  A phantom (D:9)
  A wasp (D:10)
  An ogre (D:9)
  5 centaurs
  4 crocodiles (D:10)
  4 big kobolds (D:3)
  2 elf zombies (Ossuary)
  A wyvern zombie (D:7)
  5 giant frogs
  2 gnoll sergeants
  Dowan (D:5)
  4 killer bees (D:9)
  A howler monkey (D:10)
  7 crimson imps
  A giant frog zombie (D:10)
  A jelly (D:10)
  A quasit (D:5)
  5 centaur zombies
  2 human zombies (Ossuary)
  A gnoll shaman (D:10)
  5 orc priests
  A giant frog skeleton (D:9)
  2 hounds
  6 iguanas
  3 centaur skeletons
  8 orc wizards
  17 worker ants
  4 sheep (Lair:1)
  A killer bee zombie (D:9)
  A big kobold zombie (Ossuary)
  A hound skeleton (D:7)
  3 mummies (Ossuary)
  26 gnolls
  10 river rats
  10 adders
  An ooze (D:3)
  An adder zombie (Ossuary)
  2 adder skeletons (D:5)
  4 worms
  2 dart slugs (D:1)
  5 giant geckos
  23 orcs
  3 giant cockroaches
  A gnoll zombie (Ossuary)
  29 goblins
  28 hobgoblins
  6 jackals
  8 kobolds
  6 quokkas
  A ball python (D:2)
  15 bats
  7 giant newts
  3 goblin zombies (Ossuary)
  2 hobgoblin zombies (Ossuary)
  7 jackal zombies (Ossuary)
  4 kobold zombies (Ossuary)
  3 orc zombies (Ossuary)
  A quokka zombie (Ossuary)
  12 rats
  4 rat zombies (Ossuary)
  A bush (D:1)
362 creatures vanquished.

Vanquished Creatures (collateral kills)
  Sonja (D:10)
  3 soldier ants (Lair:1)
  An orc warrior (D:10)
  A black bear (D:10)
  2 orc wizards (D:10)
  An orc (D:10)
  A bat (D:10)
10 creatures vanquished.

Vanquished Creatures (others)
  A hound (D:5)
  A dart slug (D:5)
  An orc (D:5)
  A giant gecko skeleton (D:5)
  7 fungi (D:10)
  4 plants (D:10)
15 creatures vanquished.

Grand Total: 387 creatures vanquished

Notes
Turn   | Place    | Note
--------------------------------------------------------------
     0 | D:1      | Tomstefer the Minotaur Berserker began the quest for the Orb.
     0 | D:1      | Reached XP level 1. HP: 19/19 MP: 0/0
    66 | D:1      | Reached skill level 4 in Polearms
   178 | D:1      | Reached XP level 2. HP: 27/27 MP: 1/1
   563 | D:1      | Reached ** piety under Trog
   854 | D:2      | Reached XP level 3. HP: 28/33 MP: 2/2
   943 | D:2      | Reached skill level 5 in Polearms
  1210 | D:2      | Found a radiant altar of Vehumet.
  1426 | D:3      | Reached XP level 4. HP: 37/40 MP: 3/3
  1522 | D:3      | Reached *** piety under Trog
  1791 | D:3      | Reached skill level 6 in Polearms
  1838 | D:3      | Noticed a big kobold
  1838 | D:3      | Noticed a big kobold
  1838 | D:3      | Noticed a big kobold
  1838 | D:3      | Noticed a big kobold
  1850 | D:3      | Killed a big kobold
  1850 | D:3      | Reached XP level 5. HP: 47/47 MP: 4/4
  1853 | D:3      | Reached skill level 5 in Fighting
  1853 | D:3      | Reached skill level 7 in Polearms
  1856 | D:3      | Reached XP level 6. HP: 56/56 MP: 5/5
  1944 | D:3      | Reached skill level 8 in Polearms
  1951 | D:3      | Reached **** piety under Trog
  2335 | D:3      | Reached XP level 7. HP: 36/62 MP: 6/6
  2606 | D:3      | Found a sparkling altar of Nemelex Xobeh.
  3973 | D:5      | Entered Level 5 of the Dungeon
  4023 | D:5      | Reached skill level 9 in Polearms
  4035 | D:5      | Found an oddly glowing altar of Pakellas.
  4035 | D:5      | Found a glowing golden altar of the Shining One.
  4037 | D:5      | Found a burning altar of Makhleb.
  4039 | D:5      | Found a blossoming altar of Fedhas.
  4039 | D:5      | Found a basalt altar of Yredelemnul.
  4048 | D:5      | Found a bloodstained altar of Trog.
  4203 | D:5      | Noticed Eustachio
  4244 | D:5      | Killed Eustachio
  4385 | D:5      | Found a shimmering altar of Xom.
  4484 | D:5      | Noticed Menkaure
  4493 | D:5      | Killed Menkaure
  4493 | D:5      | Reached skill level 10 in Polearms
  4493 | D:5      | Reached XP level 8. HP: 20/71 MP: 7/7
  4933 | D:5      | Noticed Duvessa
  4934 | D:5      | Noticed Dowan
  4945 | D:5      | Killed Duvessa
  4953 | D:5      | Killed Dowan
  5187 | D:6      | Found a sand-covered staircase.
  5193 | Ossuary  | Entered an ossuary
  5332 | Ossuary  | Reached skill level 5 in Armour
  5384 | Ossuary  | Reached skill level 11 in Polearms
  5529 | D:6      | Found a stormy altar of Qazlal.
  5620 | D:6      | Reached XP level 9. HP: 76/81 MP: 8/8
  5783 | D:6      | Found a shattered altar of Ashenzari.
  5960 | D:7      | Found an opulent altar of Gozag.
  6053 | D:7      | Reached skill level 12 in Polearms
  6308 | D:7      | Reached ***** piety under Trog
  6364 | D:7      | Found a staircase to the Ecumenical Temple.
  6486 | D:7      | Found Esosch's Gadget Emporium.
  6766 | D:8      | Found a glowing silver altar of Zin.
  6836 | D:8      | Found a basalt altar of Yredelemnul.
  7092 | D:8      | Found a deep blue altar of Sif Muna.
  7123 | D:8      | Reached skill level 13 in Polearms
  7580 | D:9      | Reached XP level 10. HP: 73/91 MP: 9/9
  7953 | D:9      | Found an ancient bone altar of Kikubaaqudgha.
  8330 | D:10     | Entered Level 10 of the Dungeon
  8363 | D:10     | Noticed a hill giant
  8373 | D:10     | Killed a hill giant
  8373 | D:10     | Reached skill level 10 in Fighting
  8514 | D:10     | Noticed Harold
  8523 | D:10     | Killed Harold
  8523 | D:10     | Reached skill level 14 in Polearms
  8702 | D:10     | Reached XP level 11. HP: 87/101 MP: 10/10
  8703 | D:10     | Gained mutation: You are partially covered in rough black scales (AC +4, Dex -1). [potion of beneficial mutation]
  8940 | D:10     | Found a stormy altar of Qazlal.
  8941 | D:10     | Noticed a deep elf mage
  8947 | D:10     | Killed a deep elf mage
  8991 | D:10     | Received a gift from Trog
  9033 | D:10     | Found a staircase to the Orcish Mines.
  9179 | D:10     | Noticed Sonja
 10301 | D:10     | Found a staircase to the Lair.
 10987 | D:10     | Killed Sonja
 10987 | D:10     | Reached XP level 12. HP: 106/110 MP: 11/11
 11637 | Lair:1   | Entered Level 1 of the Lair of Beasts
 11641 | Lair:1   | Reached skill level 15 in Polearms
 12349 | Lair:1   | Noticed a queen ant
 12380 | Lair:1   | Killed from afar by a rime drake

Vault maps used:
D:1:      minmay_arrival_plants_in_alcoves, serial_forest,
          infiniplex_forest_clump_large, infiniplex_forest_straight_2,
          infiniplex_forest_clump_small, infiniplex_forest_corner_1,
          infiniplex_forest_lined_3, infiniplex_forest_zigzag_1,
          infiniplex_forest_clump_long, infiniplex_forest_lined_room_2
D:2:      lemuel_crystal_altar, first_bread
D:3:      minmay_goblin_kobold_castle, nemelex_xobeh_ov_fountains_minmay
D:5:      nicolae_overflow_hidden_temple, grunt_temple_overflow_open,
          xom_confusion_cloud, uniq_duvessa, uniq_menkaure, uniq_eustachio
D:6:      kennysheep_little_box, basic_altar, enter_ossuary_2
D:7:      minmay_temple_entry_trees, serial_shops, shop,
          nicolae_gozag_seed_capital
D:8:      lemuel_doored_altar, zin_treasury, basic_altar, kennysheep_minor_cross
D:9:      basic_altar
D:10:     grunt_lair_entry_orc_guard_hut, orc_0_dummy,
          hangedman_pestilent_swarm, st_stairs_12, david_defended_altar_elf,
          uniq_harold, uniq_sonja
Lair:1:   st_stairs_3, minivault_29, grunt_megastairs_3
Ossuary:  minmay_ossuary_two_tombs

Skill      XL: |  1  2  3  4  5  6  7  8  9 10 11 12 |
---------------+-------------------------------------+-----
Polearms       | 4 5 6 7 8 10 11 13 14 15 | 15.3
Fighting       | 4 5 6 8 9 10 11 | 11.4
Armour         | 3 5 7 9 |  9.9
Dodging        | 7 |  7.0
Shields        | 7 |  7.1

Action                   |  1- 3 |  4- 6 |  7- 9 | 10-12 || total
-------------------------+-------+-------+-------+-------++-------
Melee: Spear             |   175 |   181 |    59 |       ||   415
       Trident           |       |       |   429 |       ||   429
       Halberd           |       |       |    29 |   429 ||   458
Invok: Burn Spellbooks   |     1 |       |       |     1 ||     2
       Berserk           |       |     1 |     3 |     8 ||    12
       Trog's Hand       |       |       |     1 |     6 ||     7
       Brothers in Arms  |       |       |       |     6 ||     6
  Use: Scroll            |       |       |    20 |     3 ||    23
       Potion            |       |       |     2 |     5 ||     7
 Stab: Sleeping          |     5 |       |       |       ||     5
       Distracted        |       |       |       |     1 ||     1
  Eat: Chunk             |     1 |     5 |    12 |    15 ||    33
       Bread ration      |       |       |     2 |     2 ||     4
       Fruit             |       |       |       |     3 ||     3
